 Dungeon Crawl Stone Soup version 0.29.0-4-gdea44cf6ec (webtiles) character file.

Game seed: 14706831890256974581

7284 qw the Cleaver (level 10, -6/83 (84) HPs)
             Began as a Demonspawn Cinder Acolyte on Sept 9, 2022.
             Was an Initiate of Ignis.
             Killed from afar by an oklob plant (15 damage)
             ... with a splash of acid
             ... on level 1 of the Lair of Beasts.
             The game lasted 00:03:47 (10130 turns).

qw the Cleaver (Demonspawn Cinder Acolyte)         Turns: 10130, Time: 00:03:48

HP:   -6/83 (84)    AC: 23    Str: 19    XL:     10   Next: 89%
MP:   11/11         EV:  6    Int: 16    God:    Ignis [......]
Gold: 618           SH:  0    Dex:  8    Spells: 11/11 levels left

rFire   + . .      SeeInvis .   Y - +0 war axe
rCold   + . .      Faith    .   (no shield)
rNeg    . . .      Spirit   .   o - +0 plate armour
rPois   .          Reflect  .   p - +2 helmet
rElec   .          Harm     .   (no cloak)
rCorr   .          Rampage  .   g - +2 pair of gloves
Will    .....                   (no boots)
Stlth   ..........              (no amulet)
HPRegen 0.23/turn               j - +4 ring of protection
MPRegen 0.12/turn               h - ring of protection from cold

@: about to teleport, corroded, fiery-armoured, lightly drained
A: claws 2, rugged brown scales 2, demonic magic 2
a: Renounce Religion, Rising Flame


You were on level 1 of the Lair of Beasts.
You worshipped Ignis.
Ignis was noncommittal.
You visited 2 branches of the dungeon, and saw 9 of its levels.

You collected 618 gold pieces.


Innate Abilities, Weirdness & Mutations

You have very sharp fingernails.
You are mostly covered in rugged brown scales. (AC +2, +5% HP)
Spells you cast may paralyse nearby enemies.


   Skills:
 - Level 8.0 Fighting
 - Level 12.3 Axes
 - Level 3.5 Throwing
 + Level 5.1 Armour
 - Level 2.0 Dodging
 - Level 1.0 Spellcasting
 - Level 2.6 Fire Magic


You had 11 spell levels left.
You didn't know any spells.
Your spell library contained the following spells:

 Spells                   Type           Power      Damage    Failure   Level
 Scorch                   Fire           18%        2d5       98%         2

Inventory:

Hand Weapons
 m - a +0 morningstar
 Y - a +0 war axe (weapon)
Missiles
 b - 3 boomerangs (quivered)
 q - a javelin
Armour
 d - the +2 ring mail of a wizard's laboratory {Fly rF+ rC- Will++}
   (You took it off an orc warrior on level 8 of the Dungeon)

   rF:        It protects you from fire.
   rC:        It makes you vulnerable to cold.
   Fly:       It grants you flight.
   Will:      It greatly increases your willpower.
 g - a +2 pair of gloves (worn)
 o - a +0 plate armour (worn)
 p - a +2 helmet (worn)
Jewellery
 h - a ring of protection from cold (right hand)
 j - a +4 ring of protection (left hand)
 s - a ring of willpower
Scrolls
 a - 4 scrolls of identify
Potions
 c - a potion of cancellation
 e - a potion of might
 f - 6 potions of curing
 l - 3 potions of haste

Dungeon Overview and Level Annotations

Branches:
Dungeon (8/15)             Temple (0/1) D:4            Lair (1/5) D:8

Altars:
Hepliaklqana
Nemelex Xobeh
Okawaru
Wu Jian

Annotations:
D:6 3 runed translucent doors, qw's ghost, novice DsCA; qw's ghost, novice FoCA


Message History

You hit the oklob plant but do no damage.
The oklob plant is severely damaged.
You hit the oklob plant but do no damage.
The oklob plant is severely damaged.
You hit the oklob plant.
The oklob plant is severely damaged.
The oklob plant spits acid at you. The splash of acid hits you.
The acid corrodes you!
You hit the oklob plant.
The oklob plant is almost destroyed.
You hit the oklob plant but do no damage.
The oklob plant is almost destroyed.
You hit the oklob plant but do no damage.
The oklob plant is almost destroyed.
You hit the oklob plant but do no damage.
The oklob plant is almost destroyed.
You hit the oklob plant but do no damage.
The oklob plant is almost destroyed.
You hit the oklob plant but do no damage.
The oklob plant is almost destroyed.
The oklob plant spits acid at you. The splash of acid hits you!!
You completely miss the oklob plant.
The oklob plant is almost destroyed.
You hit the oklob plant but do no damage.
The oklob plant is severely damaged.
The oklob plant spits acid at you. The splash of acid hits you!
You slash the oklob plant!
The oklob plant is almost destroyed.
The oklob plant spits acid at you. The splash of acid hits you!!
The acid corrodes you!
10129 ||| READING scroll of teleportation.
As you read the scroll of teleportation, it crumbles to dust.
You feel strangely unstable.
You completely miss the oklob plant.
The oklob plant is almost destroyed.
The oklob plant spits acid at you. The splash of acid hits you!
You die...

#.?...#
#<....#
##%#.#.#
#P.#.#
##.=.#
#P.#.# .#
##.#>#...#
##.......#
#.@#.#....
##P.......
#...#...#
........#
#...#...#
#.#.#...#
#.... .$#
#..... ..


You could see an oklob plant.

Vanquished Creatures
  2 wolf spider zombies (D:7)
  2 centaur zombies (D:7)
  Maggie (D:6)
  A centaur skeleton (D:7)
  2 hellwings (D:7)
  A meliai zombie (D:7)
  A shadow (D:8)
  Eustachio (D:6)
  A steam dragon (D:6)
  Duvessa (D:5)
  A water moccasin (Lair:1)
  3 ice beasts
  3 orc warriors (D:8)
  2 ogres
  3 black bears
  A centaur (D:7)
  4 phantoms
  2 kobold brigands
  4 bullfrogs
  4 necrophages
  5 scorpions
  8 wights (D:8)
  Dowan (D:5)
  3 howler monkeys (D:8)
  A gnoll bouda (D:6)
  3 orc priests
  5 hounds
  2 jellies
  3 iguanas
  Natasha (thrice) (D:2)
  8 orc wizards
  Robin (D:3)
  7 gnolls (D:6)
  5 adders
  6 shadow imps
  4 white imps
  2 ufetubi (D:7)
  A worm (D:2)
  A dart slug (D:1)
  29 orcs
  4 ball pythons
  2 endoplasms
  2 giant cockroaches (D:1)
  10 goblins
  6 hobgoblins
  10 jackals
  4 quokkas
  4 bats
  5 frilled lizards (D:1)
  20 kobolds
  4 rats
209 creatures vanquished.

Vanquished Creatures (others)
  9 fungi (D:8)
  6 plants
  8 withered plants
23 creatures vanquished.

Grand Total: 232 creatures vanquished

Notes
Turn   | Place    | Note
-------+----------+-------------------------------------------
     0 | D:1      | qw the Demonspawn Cinder Acolyte began the quest for the
                  | Orb.
     0 | D:1      | Reached XP level 1. HP: 18/18 MP: 2/2
     0 | D:1      | 0 ||| qw: Version: 0.1-a-113-g051387a
     0 | D:1      | 0 ||| qw: Game counter: 7113
     0 | D:1      | 0 ||| qw: Always use a shield: true
     0 | D:1      | 0 ||| qw: God list: Okawaru
     0 | D:1      | 0 ||| qw: Allow faded altars: false
     0 | D:1      | 0 ||| qw: Do Orc after D:15 true
     0 | D:1      | 0 ||| qw: Do second Lair branch before Depths: true
     0 | D:1      | 0 ||| qw: Lair rune preference: random
     0 | D:1      | 0 ||| qw: Plans: Normal
     0 | D:1      | 0 ||| PLANNING D:1-11
    31 | D:1      | You fall into a shaft and drop 1 floor!
    65 | D:2      | 65 ||| READING 2 scrolls labelled PUTROO TENU.
   123 | D:1      | Reached skill level 3 in Axes
   349 | D:1      | Gained mutation: You are partially covered in rugged brown
                  | scales. (AC +1, +3% HP) [demonic ancestry]
   349 | D:1      | Reached XP level 2. HP: 17/24 MP: 3/3
   351 | D:1      | 351 ||| INVOKING Fiery Armour.
   360 | D:1      | 360 ||| Stepping ~*~*~tactically~*~*~ (stealth).
   367 | D:1      | 367 ||| Stepping ~*~*~tactically~*~*~ (stealth).
   609 | D:1      | 609 ||| INVOKING Fiery Armour.
   872 | D:1      | 872 ||| Stepping ~*~*~tactically~*~*~ (stealth).
   873 | D:1      | 873 ||| Stepping ~*~*~tactically~*~*~ (stealth).
   874 | D:1      | 874 ||| Stepping ~*~*~tactically~*~*~ (stealth).
   878 | D:1      | 878 ||| Stepping ~*~*~tactically~*~*~ (stealth).
   887 | D:1      | Gained mutation: Spells you cast may paralyse adjacent
                  | enemies. [demonic ancestry]
   887 | D:1      | Reached XP level 3. HP: 26/29 MP: 4/4
   911 | D:1      | 911 ||| Stepping ~*~*~tactically~*~*~ (stealth).
   916 | D:1      | 916 ||| Stepping ~*~*~tactically~*~*~ (stealth).
  1141 | D:1      | 1141 ||| Stepping ~*~*~tactically~*~*~ (hiding).
  1414 | D:1      | 1414 ||| UPGRADING to +4 ring of protection.
  1415 | D:1      | 1415 ||| READING scroll labelled BIOTIW XAZAM.
  1416 | D:1      | 1416 ||| READING scroll labelled MUQAESSODWO.
  1417 | D:1      | 1417 ||| DRINKING 2 glowing puce potions.
  1418 | D:1      | 1418 ||| DRINKING 2 bubbling sapphire potions.
  1419 | D:1      | 1419 ||| READING 2 scrolls of identify.
  1419 | D:1      | 1419 ||| IDENTIFYING smoky grey potion
  1420 | D:1      | 1420 ||| DROPPING potion of attraction.
  1468 | D:2      | Reached skill level 4 in Axes
  1776 | D:2      | Noticed Natasha
  1786 | D:2      | 1786 ||| INVOKING Fiery Armour.
  1789 | D:2      | HP: 4/29 [Natasha/magic dart (4)]
  1790 | D:2      | 1790 ||| DRINKING potion of heal wounds.
  1792 | D:2      | Killed Natasha
  1793 | D:2      | Reached skill level 1 in Throwing
  1793 | D:2      | Gained mutation: You are mostly covered in rugged brown
                  | scales. (AC +2, +5% HP) [demonic ancestry]
  1793 | D:2      | Reached XP level 4. HP: 27/36 MP: 5/5
  1881 | D:2      | 1881 ||| Stepping ~*~*~tactically~*~*~ (stealth).
  1882 | D:2      | 1882 ||| Stepping ~*~*~tactically~*~*~ (stealth).
  2119 | D:2      | Identified the +6 rapier of False Accusations {drain,
                  | rElec}
  2223 | D:2      | 2223 ||| READING scroll labelled JEQARA XOLOUK.
  2324 | D:2      | 2324 ||| READING scroll labelled KUYZEOJ WAIKO.
  2350 | D:2      | Noticed Natasha
  2352 | D:2      | 2352 ||| Stepping ~*~*~tactically~*~*~ (hiding).
  2366 | D:2      | Killed Natasha
  2367 | D:2      | Reached skill level 1 in Dodging
  2370 | D:2      | Noticed Natasha
  2374 | D:2      | 2374 ||| INVOKING Fiery Armour.
  2376 | D:2      | Killed Natasha
  2569 | D:3      | Identified the +1 leather armour "Orudwud" {rF+ Regen+}
  2582 | D:3      | 2582 ||| Stepping ~*~*~tactically~*~*~ (hiding).
  2599 | D:3      | 2599 ||| INVOKING Fiery Armour.
  2604 | D:3      | Reached XP level 5. HP: 22/43 MP: 6/6
  3088 | D:3      | Noticed Robin
  3089 | D:3      | 3089 ||| INVOKING Fiery Armour.
  3102 | D:3      | Reached skill level 5 in Axes
  3103 | D:3      | Killed Robin
  3307 | D:3      | 3307 ||| UPGRADING to +0 ring mail.
  3317 | D:3      | 3317 ||| DROPPING +0 robe.
  3318 | D:3      | 3318 ||| UPGRADING to +1 leather armour "Orudwud" {rF+
                  | Regen+}.
  3328 | D:3      | 3328 ||| DROPPING +0 ring mail.
  3329 | D:3      | 3329 ||| UPGRADING to +0 chain mail.
  3339 | D:3      | 3339 ||| DROPPING +1 leather armour "Orudwud" {rF+ Regen+}.
  3340 | D:3      | 3340 ||| UPGRADING to +0 helmet.
  3345 | D:3      | 3345 ||| UPGRADING to +1 helmet.
  3355 | D:3      | 3355 ||| DROPPING +0 helmet.
  3356 | D:3      | 3356 ||| READING scroll labelled TEUMIO SONO.
  3357 | D:3      | 3357 ||| READING scroll labelled ZAFRIFRUKHLU.
  3358 | D:3      | 3358 ||| DRINKING 2 clear potions.
  3364 | D:4      | Noticed an ogre
  3364 | D:4      | Noticed a phantom
  3365 | D:4      | 3365 ||| INVOKING Fiery Armour.
  3367 | D:4      | 3367 ||| STAIRDANCE
  3378 | D:4      | Killed an ogre
  3379 | D:4      | Gained mutation: You have sharp fingernails. [demonic
                  | ancestry]
  3379 | D:4      | Reached XP level 6. HP: 14/49 MP: 7/7
  3381 | D:4      | 3381 ||| STAIRDANCE
  3872 | D:4      | Identified the +1 ring mail of Weightlessness {Harm rElec}
  3903 | D:4      | Reached skill level 6 in Axes
  3903 | D:4      | Reached XP level 7. HP: 41/54 MP: 8/8
  4054 | D:4      | Found a staircase to the Ecumenical Temple.
  4144 | D:4      | 4144 ||| DROPPING +1 ring mail of Weightlessness {Harm
                  | rElec}.
  4145 | D:4      | 4145 ||| DROPPING +6 ring of intelligence.
  4146 | D:4      | 4146 ||| READING scroll labelled VYDYXT GECRIBO.
  4147 | D:4      | 4147 ||| READING scroll labelled ETZUDONK YCEME.
  4148 | D:4      | 4148 ||| READING scroll labelled DEOMYOB NYIDOE.
  4149 | D:4      | 4149 ||| DRINKING 4 puce potions.
  4150 | D:4      | 4150 ||| READING 2 scrolls of identify.
  4150 | D:4      | 4150 ||| IDENTIFYING dark potion
  4151 | D:4      | 4151 ||| READING scroll of teleportation.
  4177 | D:5      | Entered Level 5 of the Dungeon
  4179 | D:5      | 4179 ||| STAIRDANCE
  4226 | D:5      | 4226 ||| STAIRDANCE
  4457 | D:5      | 4457 ||| Stepping ~*~*~tactically~*~*~ (stealth).
  4538 | D:5      | 4538 ||| Stepping ~*~*~tactically~*~*~ (stealth).
  4569 | D:5      | Reached skill level 7 in Axes
  4613 | D:5      | 4613 ||| Stepping ~*~*~tactically~*~*~ (stealth).
  4614 | D:5      | 4614 ||| Stepping ~*~*~tactically~*~*~ (stealth).
  4636 | D:5      | 4636 ||| Stepping ~*~*~tactically~*~*~ (stealth).
  4638 | D:5      | 4638 ||| Stepping ~*~*~tactically~*~*~ (stealth).
  4656 | D:5      | Gained mutation: You have very sharp fingernails. [demonic
                  | ancestry]
  4656 | D:5      | Reached XP level 8. HP: 60/63 MP: 9/9
  4748 | D:5      | 4748 ||| DRINKING 6 potions of curing.
  4748 | D:5      | 4748 ||| (to cure confusion)
  4750 | D:5      | Reached skill level 8 in Axes
  4915 | D:5      | Noticed Duvessa
  4916 | D:5      | 4916 ||| FLEEEEING.
  4916 | D:5      | Noticed Dowan
  4917 | D:5      | 4917 ||| FLEEEEING.
  4918 | D:5      | 4918 ||| FLEEEEING.
  4919 | D:5      | 4919 ||| FLEEEEING.
  4920 | D:5      | 4920 ||| FLEEEEING.
  4921 | D:5      | 4921 ||| FLEEEEING.
  4922 | D:5      | 4922 ||| FLEEEEING.
  4923 | D:5      | 4923 ||| FLEEEEING.
  4924 | D:5      | 4924 ||| FLEEEEING.
  4925 | D:5      | 4925 ||| FLEEEEING.
  4926 | D:5      | 4926 ||| FLEEEEING.
  4927 | D:5      | 4927 ||| FLEEEEING.
  4928 | D:5      | 4928 ||| FLEEEEING.
  4932 | D:5      | 4932 ||| FLEEEEING.
  4933 | D:5      | 4933 ||| FLEEEEING.
  4934 | D:5      | 4934 ||| FLEEEEING.
  4935 | D:5      | 4935 ||| STAIRDANCE
  5037 | D:4      | 5037 ||| UPGRADING to +0 pair of gloves.
  5042 | D:4      | 5042 ||| READING 2 scrolls labelled GUEV PELAWN.
  5043 | D:4      | 5043 ||| READING scroll of enchant armour.
  5043 | D:4      | 5043 ||| ENCHANTING +0 pair of gloves.
  5044 | D:4      | 5044 ||| READING 2 scrolls of identify.
  5044 | D:4      | 5044 ||| IDENTIFYING viscous orange potion
  5045 | D:4      | 5045 ||| DROPPING potion of degeneration.
  5048 | D:5      | 5048 ||| STAIRDANCE
  5052 | D:5      | 5052 ||| STAIRDANCE
  5056 | D:5      | 5056 ||| STAIRDANCE
  5060 | D:5      | 5060 ||| STAIRDANCE
  5088 | D:5      | 5088 ||| STAIRDANCE
  5132 | D:5      | 5132 ||| INVOKING Fiery Armour.
  5137 | D:5      | Killed Dowan
  5153 | D:5      | Killed Duvessa
  5154 | D:5      | Reached skill level 3 in Armour
  5154 | D:5      | 5154 ||| STAIRDANCE
  5493 | D:6      | 5493 ||| STAIRDANCE
  5865 | D:6      | Found an iron altar of Okawaru.
  5865 | D:6      | Found a hazy altar of Hepliaklqana.
  5975 | D:6      | 5975 ||| READING scroll of enchant armour.
  5975 | D:6      | 5975 ||| ENCHANTING +1 pair of gloves.
  6039 | D:6      | Noticed Maggie
  6043 | D:6      | Reached skill level 9 in Axes
  6055 | D:6      | 6055 ||| INVOKING Fiery Armour.
  6068 | D:6      | Killed Maggie
  6069 | D:6      | Reached skill level 6 in Fighting
  6069 | D:6      | Reached XP level 9. HP: 26/74 MP: 10/10
  6073 | D:6      | HP: 17/74 [gnoll/+0 whip[a gnoll bouda] (4)]
  6074 | D:6      | 6074 ||| READING 2 scrolls of teleportation.
  6436 | D:6      | 6436 ||| READING scroll of enchant armour.
  6436 | D:6      | 6436 ||| ENCHANTING +1 helmet.
  6440 | D:6      | Found a runed translucent gate.
  6440 | D:6      | Found a runed translucent gate.
  6440 | D:6      | Found a runed translucent gate.
  6519 | D:6      | Noticed Eustachio
  6523 | D:6      | 6523 ||| Stepping ~*~*~tactically~*~*~ (hiding).
  6567 | D:6      | 6567 ||| FLEEEEING.
  6568 | D:6      | 6568 ||| FLEEEEING.
  6569 | D:6      | 6569 ||| FLEEEEING.
  6572 | D:6      | Killed Eustachio
  6786 | D:6      | Noticed qw's ghost (novice DsCA)
  6787 | D:6      | Noticed qw's ghost (novice DsCA)
  6787 | D:6      | Noticed qw's ghost (novice FoCA)
  6817 | D:6      | 6817 ||| READING scroll labelled AGOAT JEOTOIB.
  6831 | D:6      | 6831 ||| DROPPING +0 whip.
  6847 | D:6      | 6847 ||| DROPPING +0 flail.
  6883 | D:7      | 6883 ||| Stepping ~*~*~tactically~*~*~ (hiding).
  6893 | D:7      | 6893 ||| DRINKING 6 potions of curing.
  6893 | D:7      | 6893 ||| (to cure confusion)
  6952 | D:7      | Noticed a hellwing
  6952 | D:7      | Noticed a hellwing
  6954 | D:7      | 6954 ||| INVOKING Fiery Armour.
  6960 | D:7      | Reached skill level 10 in Axes
  6970 | D:7      | Killed a hellwing
  6974 | D:7      | Killed a hellwing
  6975 | D:7      | Reached skill level 3 in Throwing
  6975 | D:7      | HP: 9/74 [shadow imp/nerve-wracking pain (10)]
  6976 | D:7      | 6976 ||| READING scroll of teleportation.
  6981 | D:7      | 6981 ||| FLEEEEING.
  6982 | D:7      | 6982 ||| FLEEEEING.
  6983 | D:7      | 6983 ||| FLEEEEING.
  6984 | D:7      | 6984 ||| STAIRDANCE
  7475 | D:7      | 7475 ||| Stepping ~*~*~tactically~*~*~ (hiding).
  7480 | D:7      | 7480 ||| FLEEEEING.
  7658 | D:7      | Reached skill level 11 in Axes
  7658 | D:7      | Gained mutation: Spells you cast may paralyse nearby
                  | enemies. [demonic ancestry]
  7658 | D:7      | Reached XP level 10. HP: 61/82 MP: 11/11
  7757 | D:7      | 7757 ||| Stepping ~*~*~tactically~*~*~ (stealth).
  7759 | D:7      | 7759 ||| Stepping ~*~*~tactically~*~*~ (hiding).
  7760 | D:7      | 7760 ||| Stepping ~*~*~tactically~*~*~ (hiding).
  7793 | D:7      | 7793 ||| Stepping ~*~*~tactically~*~*~ (stealth).
  7816 | D:7      | 7816 ||| Stepping ~*~*~tactically~*~*~ (stealth).
  7883 | D:7      | 7883 ||| INVOKING Fiery Armour.
  8422 | D:7      | 8422 ||| DROPPING orb of mayhem.
  8515 | D:8      | 8515 ||| Stepping ~*~*~tactically~*~*~ (stealth).
  8518 | D:8      | 8518 ||| Stepping ~*~*~tactically~*~*~ (stealth).
  8520 | D:8      | 8520 ||| Stepping ~*~*~tactically~*~*~ (hiding).
  8525 | D:8      | 8525 ||| Stepping ~*~*~tactically~*~*~ (stealth).
  8622 | D:8      | 8622 ||| Stepping ~*~*~tactically~*~*~ (stealth).
  8799 | D:8      | Identified the +4 whip of Rottoll {flame, rElec rC+ Str+3
                  | Stlth+}
  8877 | D:8      | 8877 ||| FLEEEEING.
  8878 | D:8      | 8878 ||| STAIRDANCE
  8922 | D:7      | 8922 ||| READING scroll labelled KUINUS MEASAXE.
  8927 | D:8      | Reached skill level 12 in Axes
  8946 | D:8      | 8946 ||| FLEEEEING.
  8947 | D:8      | 8947 ||| FLEEEEING.
  8948 | D:8      | 8948 ||| FLEEEEING.
  8949 | D:8      | 8949 ||| FLEEEEING.
  8950 | D:8      | 8950 ||| FLEEEEING.
  8951 | D:8      | 8951 ||| FLEEEEING.
  8952 | D:8      | 8952 ||| STAIRDANCE
  9184 | D:8      | Identified the +2 ring mail of a wizard's laboratory {Fly
                  | rF+ rC- Will++}
  9185 | D:8      | 9185 ||| INVOKING Fiery Armour.
  9192 | D:8      | 9192 ||| Stepping ~*~*~tactically~*~*~ (hiding).
  9195 | D:8      | 9195 ||| DRINKING 7 potions of curing.
  9195 | D:8      | 9195 ||| (to cure confusion)
  9293 | D:8      | 9293 ||| DROPPING +4 flail.
  9294 | D:8      | 9294 ||| DROPPING +4 whip of Rottoll {flame, rElec rC+
                  | Str+3 Stlth+}.
  9315 | D:8      | Found an ornate altar of the Wu Jian Council.
  9346 | D:8      | 9346 ||| Stepping ~*~*~tactically~*~*~ (stealth).
  9348 | D:8      | 9348 ||| Stepping ~*~*~tactically~*~*~ (stealth).
  9378 | D:8      | 9378 ||| Stepping ~*~*~tactically~*~*~ (stealth).
  9615 | D:8      | 9615 ||| Stepping ~*~*~tactically~*~*~ (hiding).
  9689 | D:8      | 9689 ||| SWAPPING to +0 war axe.
  9690 | D:8      | 9690 ||| DROPPING +0 hand axe of electrocution.
  9724 | D:8      | Found a staircase to the Lair.
  9893 | D:8      | Found a sparkling altar of Nemelex Xobeh.
 10012 | D:8      | 10012 ||| PLANNING LAIR
 10012 | D:8      | 10012 ||| UPGRADING to +2 ring mail of a wizard's
                  | laboratory {Fly rF+ rC- Will++}.
 10022 | D:8      | 10022 ||| DROPPING +0 chain mail.
 10023 | D:8      | 10023 ||| UPGRADING to +0 plate armour.
 10033 | D:8      | 10033 ||| UPGRADING to ring of protection from cold.
 10034 | D:8      | 10034 ||| READING scroll labelled CIMEFI ZULYIN.
 10064 | Lair:1   | Entered Level 1 of the Lair of Beasts
 10100 | Lair:1   | Noticed an oklob plant
 10101 | Lair:1   | 10101 ||| INVOKING Fiery Armour.
 10128 | Lair:1   | HP: 9/83 [oklob plant/splash of acid (26)]
 10129 | Lair:1   | 10129 ||| READING scroll of teleportation.
 10130 | Lair:1   | Killed from afar by an oklob plant

Levels and vault maps discovered:
D:1:      roderic_crossed_star, layout_basic, minmay_misc_feat_hallway
D:2:      layout_loops_ring, uniq_natasha
D:3:      layout_basic, uniq_robin
D:4:      layout_rooms, minmay_temple_entry_fiery, dreamdust_wishing_well
D:5:      layout_rooms, uniq_duvessa
D:6:      layout_basic, amethyst_overflow_temple_binary,
          gammafunk_ghost_cemetery, uniq_eustachio, uniq_maggie
D:7:      cheibrodos_grave_circle, layout_basic, st_stairs_9
D:8:      layout_loops_cross, mainiacjoe_overflow_paths, kennysheep_mini,
          grunt_lair_entry_orc_guard_hut, nicolae_elevator_lobby_asterisk
Lair:1:   layout_long_grid, grunt_megastairs_1

Skill      XL: |  1  2  3  4  5  6  7  8  9 10 |
---------------+-------------------------------+-----
Axes           | 3 4 5 6 7 9 11 12 | 12.3
Throwing       | 1 2 3 |  3.5
Dodging        | 1 2 |  2.0
Armour         | 2 3 4 5 |  5.1
Fighting       | 4 6 7 8 |  8.0
Spellcasting   | |  1.0
Fire Magic     | |  2.6

Action                   |  1- 3 |  4- 6 |  7- 9 | 10-12 || total
-------------------------+-------+-------+-------+-------++-------
Melee: Hand axe          |   106 |   128 |   392 |   205 ||   831
       Punch             |     1 |     4 |     5 |     3 ||    13
       War axe           |       |       |       |    52 ||    52
Throw: Javelin           |    10 |     6 |    17 |     8 ||    41
       Boomerang         |       |     4 |    22 |    37 ||    63
Invok: Fiery Armour      |     3 |     4 |     3 |     3 ||    13
  Use: Scroll            |     4 |     4 |    13 |     3 ||    24
       Potion            |     3 |     1 |     3 |     1 ||     8
Armor: Robe              |    36 |    57 |       |       ||    93
       Chain mail        |       |    35 |   361 |   132 ||   528
       Plate armour      |       |       |       |    18 ||    18
Dodge: Dodged            |    84 |    54 |   164 |    70 ||   372

Table legend:
 A = Non-vault XP
 B = Vault XP
 C = Vault XP percentage of total XP
 D = Non-vault monster count
 E = Vault monster count
 F = Vault count percentage of total count
                 A         B        C        D         E       F
            +---------+---------+-------+---------+---------+-------
      Total |    5200 |    5206 |  50.0 |     171 |      38 |  18.2
            +---------+---------+-------+---------+---------+-------
        D:1 |      51 |       0 |   0.0 |      30 |       0 |   0.0
        D:2 |     104 |      35 |  25.2 |      12 |       1 |   7.7
        D:3 |      83 |      36 |  30.3 |      12 |      12 |  50.0
        D:4 |     567 |       0 |   0.0 |      13 |       0 |   0.0
        D:5 |     826 |     218 |  20.9 |      20 |       2 |   9.1
        D:6 |    1030 |     595 |  36.6 |      30 |       2 |   6.2
        D:7 |     785 |    3799 |  82.9 |      20 |      16 |  44.4
        D:8 |    1609 |     523 |  24.5 |      33 |       5 |  13.2
     Lair:1 |     145 |       0 |   0.0 |       1 |       0 |   0.0
            +---------+---------+-------+---------+---------+-------
